 Dungeon Crawl Stone Soup version 0.19-a0-1193-g2641e52 (webtiles) character file.

163 kae the Distorting Demonspawn (level 5, -3/41 HPs)
             Began as a Demonspawn Abyssal Knight on Aug 19, 2016.
             Was a Believer of Lugonu.
             Killed from afar by an orc wizard (9 damage)
             ... with a magic dart
             ... on level 3 of the Dungeon.
             The game lasted 00:03:43 (3100 turns).

kae the Distorting Demonspawn (DsAK)                Turns: 3100, Time: 00:03:43

Health: -3/41      AC:  4    Str: 14    XL:     5   Next: 20%
Magic:  8/8        EV: 11    Int: 13    God:    Lugonu [**....]
Gold:   171        SH:  0    Dex: 12    Spells: 0 memorised, 4 levels left

rFire  + . .     SeeInvis .     p - +2 long sword (slice)
rCold  . . .     Gourm    .     b - +0 leather armour
rNeg   . . .     Faith    .     (no shield)
rPois  .         Spirit   .     r - +0 helmet
rElec  .         Dismiss  .     (no cloak)
rCorr  .         Reflect  .     (no gloves)
MR     .....     Harm     .     (no boots)
Stlth  +.........               (no amulet)
                                (no ring)
                                (no ring)

@: slowed, very slow
A: fire resistance 1, powered by death 1
a: Depart the Abyss, Bend Space, Renounce Religion


You were on level 3 of the Dungeon.
You worshipped Lugonu.
Lugonu was pleased with you.
You were very hungry.

You visited 1 branch of the dungeon, and saw 3 of its levels.
You visited the Abyss 1 time.

You collected 171 gold pieces.

Inventory:

Hand Weapons
 a - a +2 falchion
 p - a +2 long sword of slicing (weapon)
Armour
 b - a +0 leather armour (worn)
 r - a +0 helmet (worn)
Scrolls
 d - a scroll of fog
 e - 4 scrolls of noise
 h - a scroll of remove curse
 i - 4 scrolls of identify
 k - a scroll of fear
Potions
 f - a potion of brilliance {unknown}
 j - 2 potions of curing
 l - 2 potions of agility {unknown}
 n - a potion of flight {unknown}
 t - a potion of cure mutation {unknown}
Comestibles
 c - 2 bread rations
 m - a meat ration
 q - 2 fruits
 s - a slice of pizza
 u - a beef jerky


   Skills:
 - Level 3.0 Fighting
 * Level 4.2 Long Blades
 - Level 1.7 Armour
 - Level 0.8 Dodging
 + Level 4.4 Invocations


You had 4 spell levels left.
You didn't know any spells.

Dungeon Overview and Level Annotations

Branches:
Dungeon (3/15)

Altars:
Nemelex Xobeh
Okawaru
The Shining One


Innate Abilities, Weirdness & Mutations

Your flesh is heat resistant. (rF+)
You regenerate a little health from kills.


Message History

The orc throws a tomahawk of returning.
The tomahawk of returning completely misses you.
The weapon returns to the orc!
There is a stone staircase leading down here.
The orc wizard points at you and mumbles some strange words.
You feel yourself slow down.
The orc throws a tomahawk of returning.
The tomahawk of returning barely misses you.
The weapon returns to the orc!
The orc wizard gestures at you while chanting.
The magic dart hits you!
The orc throws a tomahawk of returning.
The tomahawk of returning hits you.
* * * LOW HITPOINT WARNING * * *
The orc priest invokes the aid of Beogh against you.
Pain shoots through your body!
* * * LOW HITPOINT WARNING * * *
You see here a tomahawk of returning.
The orc wizard gestures at you while chanting.
The magic dart hits you!
You die...

<.######.#..####..#.####.#[#.####
.####....#........#.#....#.#.#...
.).............#.##.#.#..#.#.#.##
.####.#####.##.#.##.#.####.#.....
## #.# #..#.#.##'#...†..#...##
#.# ##.#.#.#......####.### #.#
#...#.#...........# #.#
##..#.#......###### #.#
#..#@######## ... ##.#.#
.....#####.#o# .........#K##
...####...o.# #...o.# #.....#
#...>.# #.....#


You could see an orc priest, an orc wizard, an orc and a kobold.

Vanquished Creatures
  3 gnolls
  6 adders
  4 worms
  A dart slug (D:1)
  3 giant geckos
  7 hobgoblins
  11 jackals
  2 quokkas
  6 bats
  A giant newt (D:2)
  7 goblins
  8 kobolds
  4 rats
63 creatures vanquished.

Notes
Turn   | Place    | Note
-------+----------+-------------------------------------------
     0 | Abyss:1  | kae the Demonspawn Abyssal Knight began the quest for the Orb.
     0 | Abyss:1  | Reached XP level 1. HP: 18/18 MP: 2/2
    73 | Abyss:1  | Noticed an ettin skeleton
    74 | D:1      | Escaped the Abyss
   323 | D:1      | Reached * piety under Lugonu
   323 | D:1      | Gained mutation: You regenerate a little health from kills. [demonic ancestry]
   323 | D:1      | Reached XP level 2. HP: 24/24 MP: 4/4
   992 | D:2      | Reached XP level 3. HP: 19/29 MP: 5/5
  1466 | D:2      | Gained mutation: Your flesh is heat resistant. (rF+) [demonic ancestry]
  1466 | D:2      | Reached XP level 4. HP: 21/35 MP: 6/6
  1662 | D:2      | Reached ** piety under Lugonu
  1957 | D:2      | Found an iron altar of Okawaru.
  2648 | D:3      | Reached XP level 5. HP: 33/41 MP: 8/8
  2679 | D:3      | Found a sparkling altar of Nemelex Xobeh.
  2776 | D:3      | Found a glowing golden altar of the Shining One.
  3100 | D:3      | Killed from afar by an orc wizard

Vault maps used:
D:1:      shiori_angband_town
D:2:      nicolae_overflow_crystal_walls, minmay_tromino_v4_a
D:3:      tso_metal_star, nemelex_xobeh_ov_fountains_minmay, first_bread

Skill      XL: |  1  2  3  4 |
---------------+-------------+-----
Long Blades    | 2 3 4 |  4.2
Invocations    | 3 4 |  4.4
Fighting       | |  3.0
Armour         | |  1.7
Dodging        | |  0.8

Action                   |  1- 3 |  4- 6 || total
-------------------------+-------+-------++-------
Melee: Falchion          |   120 |    43 ||   163
       Long sword        |       |    62 ||    62
Invok: Depart the Abyss  |     1 |       ||     1
  Use: Scroll            |       |     8 ||     8
 Stab: Sleeping          |       |     1 ||     1
  Eat: Chunk             |     2 |     4 ||     6
Armor: Leather armour    |    26 |    11 ||    37
Dodge: Dodged            |    67 |    50 ||   117
